 Dungeon Crawl Stone Soup version 0.28-a0-384-g9e0c098162 (webtiles) character file.

Game seed: 16936261323987283187

237930 Lochraine the Thaumaturge (level 19, 0/146 HPs)
             Began as a Barachi Ice Elementalist on Aug 31, 2021.
             Was the Champion of Cheibriados.
             Slain by Mennas (29 damage)
             ... on level 2 of the Vaults on Sept 2, 2021.
             The game lasted 03:00:38 (52478 turns).

Lochraine the Thaumaturge (BaIE)                   Turns: 52478, Time: 03:00:39

Health: 0/146      AC: 27    Str: 28    XL:     19   Next: 25%
Magic:  32/37      EV: 17    Int: 34    God:    Cheibriados [******]
Gold:   1071       SH: 16    Dex: 34    Spells: 4/46 levels left

rFire   + . .      SeeInvis +   a - +9 scimitar (flame)
rCold   . . .      Faith    .   U - +2 buckler {reflect}
rNeg    + . .      Spirit   .   i - +5 plate armour of Exclusion {rPois SInv}
rPois   +          Reflect  +   g - +2 helmet
rElec   .          Harm     .   o - +2 cloak
rCorr   .          Rampage  .   F - +0 pair of gloves of Catatonia {Str+2 Dex+3}
Will    ++...                   Y - +2 pair of boots
Stlth   +.........              h - amulet of reflection
HPRegen 0.34/turn               V - ring of wizardry
MPRegen 0.25/turn               O - ring of Gaof {rF+ rN+ SInv Stlth+}

@: unable to hop, glowing, silenced, very slow
A: amphibious, slowness 1, strong legs 2, +LOS, deformed body, strong-willed 1
}: 2/15 runes: barnacled, gossamer
a: Hop, Renounce Religion


You were on level 2 of the Vaults.
You worshipped Cheibriados.
Cheibriados was exalted by your worship.
You visited 7 branches of the dungeon, and saw 34 of its levels.
You visited the Abyss 1 time.
You also visited: Ossuary.

You collected 2500 gold pieces.
You spent 1429 gold pieces at shops.

Inventory:

Hand Weapons
 a - a +9 scimitar of flaming (weapon)
   (You took it off Harold on level 8 of the Dungeon)
Missiles
 w - 4 throwing nets
Armour
 g - a +2 helmet (worn)
   (You found it on level 1 of the Dungeon)
 i - the +5 plate armour of Exclusion (worn) {rPois SInv}
   (You found it on level 1 of the Vaults)

   rPois:     It protects you from poison.
   SInv:      It lets you see invisible.
 k - a +2 troll leather armour {Snorg}
   (You found it on level 14 of the Dungeon)
 o - a +2 cloak (worn)
   (You found it on level 4 of the Dungeon)
 y - a +1 kite shield of protection
   (You took it off an orc warlord on level 2 of the Orcish Mines)
 F - the +0 pair of gloves of Catatonia (worn) {Str+2 Dex+3}
   (You bought it in a shop on level 15 of the Dungeon)

   Str:       It affects your strength (+2).
   Dex:       It affects your dexterity (+3).
 U - a +2 buckler of reflection (worn)
   (You bought it in a shop on level 12 of the Dungeon)
 Y - a +2 pair of boots (worn)
   (You found it on level 2 of the Spider Nest)
Jewellery
 h - an amulet of reflection (around neck)
   (You found it on level 1 of the Dungeon)
 l - a ring of willpower
   (You found it on level 15 of the Dungeon)
 m - a ring of flight
   (You found it on level 1 of the Lair of Beasts)
 z - a ring of see invisible
   (You found it on level 3 of the Lair of Beasts)
 G - a ring of fire
   (You found it on level 2 of the Orcish Mines)
 H - a ring of resist corrosion
   (You found it on level 2 of the Lair of Beasts)
 J - a ring of protection from fire
   (You found it on level 5 of the Lair of Beasts)
 O - the ring of Gaof (right hand) {rF+ rN+ SInv Stlth+}
   (You found it on level 1 of the Spider Nest)

   [ring of positive energy]

   rF:        It protects you from fire.
   rN:        It protects you from negative energy.
   SInv:      It lets you see invisible.
   Stlth:     It makes you more stealthy.
 T - an amulet of the acrobat
   (You found it on level 2 of the Shoals)
 V - a ring of wizardry (left hand)
   (You found it on level 13 of the Dungeon)
Wands
 d - a wand of iceblast (1)
   (You took it off Urug on level 1 of the Lair of Beasts)
 r - a wand of polymorph (12)
   (You found it on level 15 of the Dungeon)
 t - a wand of flame (84)
   (You found it on level 1 of the Lair of Beasts)
 u - a wand of paralysis (19)
   (You found it on level 6 of the Dungeon)
 v - a wand of digging (3)
   (You found it on level 2 of the Spider Nest)
 x - a wand of acid (2)
   (You found it on level 1 of the Lair of Beasts)
Scrolls
 b - 2 scrolls of fear
 e - 7 scrolls of amnesia
 f - 3 scrolls of brand weapon
 n - 8 scrolls of identify {@r1}
 s - 2 scrolls of silence
 D - 14 scrolls of teleportation {@r4}
 L - a scroll of enchant armour
 M - a scroll of fog
 P - a scroll of blinking
 Q - 2 scrolls of holy word
 R - 2 scrolls of immolation {!r}
 X - 5 scrolls of noise {!r}
 Z - a scroll of magic mapping
Potions
 c - 6 potions of flight
 j - 5 potions of haste {@q3}
 p - a potion of brilliance
 q - 5 potions of degeneration {!q}
 A - 7 potions of curing {@q1}
 E - a potion of magic
 N - 3 potions of ambrosia
 S - 2 potions of resistance
Miscellaneous
 K - a box of beasts (inert)
   (You found it on level 6 of the Lair of Beasts)
 W - a phial of floods
   (You found it on level 4 of the Shoals)


   Skills:
 + Level 12.0 Fighting
 - Level 4.8(6.1) Short Blades
 - Level 6.4(7.3) Long Blades
 + Level 11.0 Armour
 - Level 9.1 Dodging
 - Level 5.0 Stealth
 + Level 9.3 Shields
 + Level 14.2 Spellcasting
 + Level 7.8 Conjurations
 - Level 3.5 Hexes
 - Level 12.1 Summonings
 + Level 5.6 Necromancy
 - Level 11.6 Translocations
 + Level 4.0 Fire Magic
 - Level 12.9 Ice Magic
 - Level 6.5 Air Magic
 - Level 11.5 Invocations


You had 4 spell levels left.
You knew the following spells:

 Your Spells              Type           Power      Damage    Failure   Level
b - Frozen Ramparts       Ice            100%       1d12      1%          3
c - Ozocubu's Armour      Ice            85%        N/A       1%          3
d - Blink                 Tloc           N/A        N/A       1%          2
e - Lesser Beckoning      Tloc           80%        N/A       1%          3
f - Summon Cactus Giant   Summ           41%        N/A       6%          6
h - Summon Forest         Summ/Tloc      40%        N/A       1%          5
i - Passwall              Tmut/Erth      20%        N/A       9%          2
j - Summon Mana Viper     Hex/Summ       67%        N/A       6%          5
k - Freezing Cloud        Conj/Ice/Air   36%        6-21      3%          5
q - Vampiric Draining     Necr           29%        2d10      1%          3
x - Fireball              Conj/Fire      29%        3d13      12%         5

Your spell library contained the following spells:

 Spells                   Type           Power      Damage    Failure   Level
 Animate Skeleton         Necr           100%       N/A       1%          1
 Apportation              Tloc           100%       N/A       1%          1
 Freeze                   Ice            100%       1d11      1%          1
 Pain                     Necr           100%       1d9       1%          1
 Shock                    Conj/Air       100%       1d9       1%          1
 Summon Small Mammal      Summ           100%       N/A       1%          1
 Corpse Rot               Necr/Air       N/A        N/A       1%          2
 Call Canine Familiar     Summ           82%        N/A       1%          3
 Dazzling Flash           Conj/Hex       100%       N/A       1%          3
 Gell's Gravitas          Tloc           40%        N/A       1%          3
 Summon Guardian Golem    Hex/Summ       67%        N/A       1%          3
 Swiftness                Air            62%        N/A       1%          3
 Teleport Other           Tloc           80%        N/A       1%          3
 Hailstorm                Conj/Ice       76%        3d16      1%          4
 Airstrike                Air            31%        N/A       3%          4
 Sandblast                Erth           48%        2d12      5%          1
 Dispel Undead            Necr           58%        3d21      5%          4
 Cause Fear               Hex            24%        N/A       12%         4
 Olgreb's Toxic Radiance  Pois           24%        N/A       45%         4
 Manifold Assault         Tloc           80%        N/A       1%          5
 Metabolic Englaciation   Hex/Ice        34%        N/A       4%          5
 Dispersal                Tloc           40%        N/A       7%          6
 Agony                    Necr           58%        N/A       14%         5
 Silence                  Hex/Air        27%        N/A       17%         5
 Simulacrum               Ice/Necr       36%        N/A       17%         6
 Ozocubu's Refrigeration  Ice            42%        4d13      21%         7
 Starburst                Conj/Fire      29%        6d9       52%         6
 Death Channel            Necr           29%        N/A       58%         6
 Alistair's Intoxication  Tmut/Pois      16%        N/A       78%         5
 Lee's Rapid Deconstruct  Erth           12%        3d9*      78%         5
 Invisibility             Hex            24%        N/A       86%         6
 Disjunction              Tloc           40%        N/A       94%         8
 Dragon Form              Tmut           12%        N/A       100%        7
 Ignition                 Fire           25%        3d9       100%        8
 Dragon's Call            Summ           41%        N/A       100%        9
 Polar Vortex             Ice            42%        N/A       100%        9


Dungeon Overview and Level Annotations

Branches:
Dungeon (15/15)            Temple (1/1) D:5            Lair (6/6) D:10
 Shoals (4/4) Lair:4       Spider (4/4) Lair:3        Slime (0/5) Lair:6
    Orc (2/2) D:11            Elf (0/3) Orc:2        Vaults (2/5) D:14
 Depths (0/5) D:15        Ossuary (visited)
  Crypt: Vaults:2-3

Altars:
Ashenzari
Cheibriados
Dithmenos
Elyvilon
Fedhas
Gozag
Hepliaklqana
Kikubaaqudgha
Makhleb
Nemelex Xobeh
Okawaru
Qazlal
Ru
Sif Muna
Trog
Uskayaw
Vehumet
Wu Jian
Xom
Yredelemnul
Zin
The Shining One
Beogh
Jiyva

Shops:
D:1 *?   D:4 :   D:5 :   D:12 [[!![   D:15 [   Orc:2 ?:[[   Vaults:1 ?

Annotations:
D:4 2 transporters, Zgarb's ghost, weakling DsDe
D:13 exclusion: obsidian statue
D:14 Roxanne
Lair:1 1 runed translucent door, exclusion: 2 oklob plants, NigelTetley's ghost, journeyman DECj
Lair:6 3 runed translucent doors, Ommotz's ghost, journeyman MiFi
Vaults:2 Mennas


Innate Abilities, Weirdness & Mutations

You are amphibious.
You cover ground slowly.
You can hop long distances.
You have an extended range of vision and can be seen from far away.
Armour fits poorly on your strangely shaped body.
You are strong-willed. (Will+)


Message History

Mennas blocks your cactus giant's attack.
Mennas shakes his head sadly.
Mennas completely misses you. Mennas hits you but does no damage.
You feel a surge of power!
A mana viper appears with a sibilant hiss.
Mennas gestures frantically.
You are confused.
Your cactus giant appears confused.
Your mana viper resists with almost no effort.
Mennas hits you from afar with a +5 trishula of holy wrath.
* * * LOW HITPOINT WARNING * * *
Mennas misses you.
Your mana viper closely misses Mennas.
Mennas hits you from afar with a +5 trishula of holy wrath!!
* * * LOW HITPOINT WARNING * * *
Mennas closely misses you.
Okay, then.
Your magical effects are unravelling.
You feel magically purged.
You feel less confused.
You feel a little less mighty now.
You feel a little less clever now.
Your mana viper bites Mennas.
Mennas's magic leaks into the air.
You block Mennas's attack. x2
You open the lid... ...and a larval shockox beast leaps out!
The box is emptied!
Mennas blocks your mana viper's attack. Mennas hits you but does no damage.
You block Mennas's attack.
Your cactus giant hits your larval shockox beast with a +0 giant spiked club.
Mennas blocks your mana viper's attack.
Mennas gestures frantically.
You resist with almost no effort.
Your cactus giant appears confused.
Your mana viper resists with almost no effort.
Your larval shockox beast appears confused.
Mennas gestures frantically.
Mennas's surroundings become eerily quiet.
Mennas blocks your mana viper's attack.
Mennas hits your larval shockox beast with a +5 trishula of holy wrath! x2
Your larval shockox beast dies!
Your larval shockox beast's corpse disappears in a puff of smoke!
Mennas blocks your mana viper's attack. x2
Aim the phial where?
Aim: Mennas, wielding a +5 trishula of holy wrath and wearing a +0 tower shield (grey smoke, silenced, moderately wounded, radiating silence, ally target, haloed)
Okay, then.
Unknown command.
Okay, then.
Hop to where?
Boing!
You block Mennas's attack. x2; Mennas blocks your mana viper's attack.
Your cactus giant barely misses your mana viper.
Mennas hits you from afar with a +5 trishula of holy wrath!!
You die...

#.##..#
#.#...###########
#.....#.........
#..#..#.........
#..#..#○.# #.#
#.....#..##.#
#..##.#.A#.#
#..#..#CS.#.#
#.<...#@.#.#.#
#.....#..##.#.#
#.#...#..###.###
#.....'..........
#######..........
###########


You could see Mennas (silencing, ally target), a friendly mana viper (summoned)
and a friendly cactus giant (summoned, confused).

Vanquished Creatures
  A sphinx (Vaults:1)
  A kraken (Shoals:4)
  Kirke (D:14)
  A tentacled starspawn (Abyss:2)
  2 vault wardens (Vaults:1)
  3 ghost moths
  An orc warlord (Orc:2)
  5 emperor scorpions
  An ironbound preserver (Vaults:1)
  Nessos (D:13)
  4 entropy weavers
  A spark wasp (Spider:4)
  3 merfolk impalers
  2 merfolk javelineers (Shoals:4)
  2 fire dragons
  2 vault guards
  7 hydras
  A rakshasa (Abyss:2)
  Erolcha (D:9)
  Harold (D:8)
  A boulder beetle (D:14)
  2 ironbound frosthearts
  7 two-headed ogres
  Erica (D:10)
  2 alligator snapping turtles (Shoals:4)
  6 centaur warriors
  2 tengu warriors (D:15)
  2 death yaks (Lair:4)
  An ironbound beastmaster (Vaults:1)
  3 orc high priests (Orc:2)
  A wretched star (Abyss:2)
  A fire crab (shapeshifter) (D:13)
  4 sea snakes
  7 deep trolls
  4 harpies (Shoals:1)
  2 wizards (D:15)
  8 orc knights
  An ironbound convoker (Vaults:1)
  2 lindwurms
  4 deep elf pyromancers
  17 orb spiders
  A harpy (shapeshifter) (D:15)
  A necromancer (D:15)
  4 orc sorcerers (Orc:2)
  25 wolf spiders
  5 ugly things
  3 fauns (Shoals:2)
  2 cyclopes
  9 manticores
  A black mamba (shapeshifter) (D:14)
  A moth of wrath (Spider:3)
  Joseph (D:8)
  12 elephants
  2 merfolk sirens
  2 naga magi (D:15)
  6 vault sentinels (Vaults:1)
  9 cane toads
  A gargoyle (D:12)
  3 black mambas
  An unseen horror (D:10)
  A nameless horror (D:13)
  3 rime drakes
  A tengu conjurer (D:15)
  A kobold demonologist (D:11)
  A freezing wraith (D:15)
  10 komodo dragons
  2 yaktaurs (Vaults:1)
  6 demonic crawlers
  10 merfolk
  A jumping spider (shapeshifter) (D:14)
  4 trolls
  A merfolk (shapeshifter) (Vaults:2)
  19 jumping spiders
  2 polar bears
  A slime creature (Vaults:1)
  7 hornets
  9 blink frogs (Lair:6)
  10 dream sheep
  3 snapping turtles (Shoals:4)
  5 centaur simulacra
  35 redbacks
  2 wraiths
  20 yaks
  A shadow (D:8)
  4 hogs (D:14)
  13 tarantellas
  A water elemental (Shoals:3)
  5 basilisks
  6 wyverns
  A yak (shapeshifter) (D:14)
  A steam dragon (D:8)
  A chaos spawn (Abyss:2)
  4 wargs
  7 vampire mosquitoes
  An acid dragon (D:9)
  9 water moccasins
  38 orc warriors
  A black bear (D:6)
  An ice beast (D:13)
  6 necrophages
  19 wolves
  18 ogres
  5 boggarts (Vaults:1)
  A phantom (D:5)
  13 centaurs
  13 bullfrogs
  2 scorpions
  2 wyvern zombies
  A gnoll sergeant (D:12)
  6 killer bees
  5 wights
  A howler monkey (D:10)
  5 electric eels
  6 centaur zombies
  3 jellies
  2 gnoll shamans
  10 hounds
  An iguana (D:5)
  20 orc priests
  2 centaur skeletons
  Ijyb (D:4)
  12 orc wizards
  5 hell rats (Lair:6)
  3 killer bee zombies
  A mummy (D:8)
  Robin (D:3)
  3 howler monkey zombies
  A howler monkey skeleton (D:7)
  17 gnolls
  5 adders
  A white imp (D:13)
  2 ufetubi
  An adder skeleton (D:5)
  2 worms (D:2)
  2 dart slugs
  67 orcs
  10 ball pythons
  3 endoplasms
  3 giant cockroaches
  32 goblins
  10 hobgoblins
  5 jackals
  7 kobolds
  3 quokkas
  6 bats
  5 frilled lizards
  A gnoll zombie (Ossuary)
  2 hobgoblin zombies (Ossuary)
  2 kobold zombies (Ossuary)
  An orc zombie (Ossuary)
  8 rats
  A spectral hobgoblin (D:1)
  2 snaplasher vines
822 creatures vanquished.

Vanquished Creatures (collateral kills)
  Saint Roka (Vaults:1)
  A ghost moth (Spider:4)
  A vault warden (Vaults:1)
  Aizul (Spider:2)
  3 ironbound preservers
  A dire elephant (Vaults:1)
  An entropy weaver (Spider:4)
  A spark wasp (Spider:3)
  Snorg (D:14)
  A merfolk javelineer (Shoals:4)
  3 hydras (Lair:6)
  A vault guard (Vaults:1)
  A merfolk avatar (Shoals:4)
  6 catoblepae
  2 boulder beetles
  A two-headed ogre (Orc:2)
  2 merfolk aquamancers (Shoals:4)
  2 centaur warriors
  2 death knights
  2 alligator snapping turtles
  A tengu warrior (D:15)
  An orc high priest (Orc:2)
  2 death yaks (Lair:4)
  Urug (Lair:1)
  Sonja (Lair:6)
  9 deep trolls
  A sea snake (Shoals:4)
  A wizard (Vaults:1)
  An ironbound convoker (Vaults:1)
  A harpy (Shoals:1)
  8 orb spiders
  6 wolf spiders
  An ugly thing (Vaults:1)
  3 cyclopes
  3 manticores
  An elephant (Lair:2)
  A black mamba (Lair:6)
  2 vault sentinels
  A water nymph (Shoals:4)
  6 cane toads
  A centaur skeleton (D:15)
  2 unseen horrors (D:13)
  An efreet (D:13)
  2 komodo dragons
  A rime drake (Lair:6)
  2 freezing wraiths (D:15)
  6 demonic crawlers
  15 jumping spiders
  3 meliai (D:14)
  A wind drake (Shoals:4)
  10 merfolk
  3 trolls
  7 hornets
  7 blink frogs
  3 dream sheep (Lair:4)
  3 snapping turtles
  26 redbacks
  A vampire (D:12)
  A centaur simulacrum (D:13)
  7 tarantellas
  2 hogs (D:14)
  12 yaks
  2 wargs
  An acid dragon (D:10)
  7 water moccasins
  17 orc warriors
  A nameless horror (Lair:4)
  3 wolves
  A small abomination (Abyss:2)
  A gnoll sergeant (D:12)
  3 electric eels
  A hound (D:10)
  16 orc priests
  11 orc wizards
  4 hell rats (Lair:6)
  2 gnolls (D:12)
  A white imp (D:13)
  35 orcs
  2 bushes
  A tentacle (Shoals:4)
310 creatures vanquished.

Vanquished Creatures (others)
  A wizard (D:15)
  A dream sheep (Lair:4)
  30 fungi
  88 plants
  17 snaplasher vines
  3 starspawn tentacles (Abyss:2)
  3 tentacles (Shoals:4)
  5 withered plants (D:8)
148 creatures vanquished.

Grand Total: 1280 creatures vanquished

Notes
Turn   | Place    | Note
-------+----------+-------------------------------------------
     0 | D:1      | Lochraine the Barachi Ice Elementalist began the quest for
                  | the Orb.
     0 | D:1      | Reached XP level 1. HP: 13/13 MP: 3/3
   432 | D:1      | Reached skill level 5 in Ice Magic
   437 | D:1      | Reached XP level 2. HP: 6/19 MP: 0/5
   731 | D:1      | Found a faded altar of an unknown god.
  1172 | D:1      | Reached XP level 3. HP: 24/24 MP: 4/7
  1207 | D:1      | Found Zirued's Assorted Antiques.
  1214 | D:1      | Reached skill level 3 in Spellcasting
  1272 | D:1      | Learned a level 3 spell: Frozen Ramparts
  1322 | D:1      | Found Ilocw's Magic Scroll Emporium.
  2190 | D:2      | Reached XP level 4. HP: 30/30 MP: 9/9
  2678 | D:3      | Learned a level 3 spell: Ozocubu's Armour
  3278 | D:3      | Noticed Robin
  3303 | D:3      | Killed Robin
  3305 | D:3      | Reached XP level 5. HP: 26/35 MP: 6/10
  3439 | D:3      | Reached skill level 4 in Spellcasting
  3960 | D:4      | Found a transporter.
  4006 | D:4      | Noticed Zgarb's ghost (weakling DsDe)
  4110 | D:4      | Reached XP level 6. HP: 41/41 MP: 12/12
  4121 | D:4      | Found a transporter.
  4161 | D:4      | Found a sand-covered staircase.
  4166 | Ossuary  | Entered an ossuary
  4701 | D:4      | Found Toshro's Self-Improvement Boutique.
  5260 | D:4      | Noticed Ijyb
  5274 | D:4      | Killed Ijyb
  5368 | D:5      | Entered Level 5 of the Dungeon
  5543 | D:5      | Found a staircase to the Ecumenical Temple.
  5583 | D:5      | HP: 2/41 [phantom (5)]
  5584 | D:5      | Gained mutation: Armour fits poorly on your strangely
                  | shaped body. [potion of mutation]
  5584 | D:5      | Gained mutation: You sometimes lose the ability to read
                  | scrolls when taking damage. [potion of mutation]
  5588 | D:5      | Reached skill level 5 in Spellcasting
  6068 | D:5      | Noticed a water moccasin
  6080 | D:5      | Killed a water moccasin
  6081 | D:5      | Reached XP level 7. HP: 24/46 MP: 8/15
  6273 | D:5      | Reached skill level 6 in Spellcasting
  6301 | D:5      | Found a sparkling altar of Nemelex Xobeh.
  6588 | Temple   | Entered the Ecumenical Temple
  6595 | Temple   | Became a worshipper of Cheibriados the Contemplative
  6623 | D:5      | Found Huhutrovil's Book Shoppe.
  6677 | D:5      | Reached XP level 8. HP: 52/52 MP: 8/17
  6787 | D:5      | Learned a level 2 spell: Blink
  6888 | D:5      | Reached skill level 1 in Invocations
  6967 | D:5      | Found a basalt altar of Yredelemnul.
  7006 | D:6      | Reached skill level 1 in Translocations
  7243 | D:6      | Reached skill level 7 in Spellcasting
  7316 | D:6      | Reached * piety under Cheibriados
  7366 | D:6      | Learned a level 3 spell: Lesser Beckoning
  7693 | D:6      | Reached XP level 9. HP: 43/55 MP: 11/20
  8134 | D:6      | Found an opulent altar of Gozag.
  8260 | D:6      | Learned a level 6 spell: Summon Cactus Giant
  8509 | D:7      | Reached skill level 10 in Ice Magic
  8593 | D:7      | Reached skill level 1 in Summonings
  9037 | D:7      | Reached ** piety under Cheibriados
 10240 | D:8      | Reached skill level 8 in Spellcasting
 10263 | D:8      | Reached skill level 5 in Translocations
 10487 | D:8      | Reached XP level 10. HP: 59/63 MP: 16/22
 10655 | D:8      | Noticed Joseph
 10678 | D:8      | Killed Joseph
 11033 | D:8      | Noticed Harold
 11069 | D:8      | Killed Harold
 11070 | D:8      | Reached skill level 5 in Invocations
 11291 | D:8      | Identified the +1 leather armour of Mititugh {rPois rF-
                  | rN+}
 11539 | D:8      | Reached skill level 5 in Summonings
 12456 | D:9      | Learned a level 3 spell: Summon Guardian Golem
 12594 | D:9      | Reached skill level 1 in Fighting
 12594 | D:9      | Reached skill level 1 in Armour
 12599 | D:9      | Reached skill level 9 in Spellcasting
 12743 | D:9      | Reached *** piety under Cheibriados
 12823 | D:9      | Found a broken altar of Ashenzari.
 12846 | D:9      | Noticed Erolcha
 12902 | D:9      | Killed Erolcha
 12903 | D:9      | Reached XP level 11. HP: 42/73 MP: 18/24
 13201 | D:9      | Learned a level 5 spell: Summon Forest
 13402 | D:10     | Entered Level 10 of the Dungeon
 13427 | D:10     | Noticed a fire dragon
 13536 | D:10     | Killed a fire dragon
 14346 | D:10     | Found a staircase to the Lair.
 14443 | D:10     | Learned a level 2 spell: Passwall
 14625 | D:10     | Identified the +9 hand axe "Vaothepy" {vorpal, Stlth+}
 14915 | D:10     | Noticed Erica
 14933 | D:10     | Killed Erica
 16097 | Lair:1   | Entered Level 1 of the Lair of Beasts
 16712 | Lair:1   | Noticed an oklob plant
 16712 | Lair:1   | Noticed an oklob plant
 16844 | Lair:1   | Found a runed translucent door.
 16844 | Lair:1   | Noticed NigelTetley's ghost (journeyman DECj)
 16864 | Lair:1   | Reached **** piety under Cheibriados
 16865 | Lair:1   | Reached skill level 5 in Dodging
 17083 | Lair:1   | Found an ornate altar of the Wu Jian Council.
 17135 | Lair:1   | Noticed Urug
 17145 | Lair:1   | Killed Urug
 17146 | Lair:1   | Reached skill level 5 in Fighting
 17146 | Lair:1   | Reached skill level 5 in Armour
 17146 | Lair:1   | Reached XP level 12. HP: 72/86 MP: 10/25
 18153 | Lair:2   | Reached skill level 10 in Spellcasting
 18223 | Lair:2   | Noticed a seven-headed hydra
 18231 | Lair:2   | Killed a seven-headed hydra
 18954 | Lair:3   | Noticed a catoblepas
 18956 | Lair:3   | Reached ***** piety under Cheibriados
 18961 | Lair:3   | Killed a catoblepas
 18964 | Lair:3   | Noticed a four-headed hydra
 18977 | Lair:3   | Killed a four-headed hydra
 19480 | Lair:3   | Gained mutation: You can hop long distances. [Barachi
                  | growth]
 19480 | Lair:3   | Reached XP level 13. HP: 86/95 MP: 23/27
 19489 | Lair:3   | Learned a level 5 spell: Summon Mana Viper
 20292 | Lair:3   | Found a hole to the Spider Nest.
 21572 | Lair:4   | Reached ****** piety under Cheibriados
 21776 | Lair:4   | Found a staircase to the Shoals.
 21986 | Lair:4   | Reached skill level 11 in Spellcasting
 23309 | Lair:5   | Reached XP level 14. HP: 73/106 MP: 15/29
 24132 | Lair:6   | Entered Level 6 of the Lair of Beasts
 24175 | Lair:6   | Reached skill level 10 in Summonings
 24175 | Lair:6   | Reached skill level 10 in Translocations
 24176 | Lair:6   | Reached skill level 1 in Long Blades
 24893 | Lair:6   | Noticed Sonja
 24899 | Lair:6   | Killed Sonja
 25337 | Lair:6   | Found a runed translucent gate.
 25337 | Lair:6   | Found a runed translucent gate.
 25337 | Lair:6   | Found a runed translucent gate.
 25343 | Lair:6   | Noticed Ommotz's ghost (journeyman MiFi)
 25972 | Lair:6   | Found a staircase to the Slime Pits.
 25972 | Lair:6   | Found a viscous altar of Jiyva.
 26659 | D:11     | Found a staircase to the Orcish Mines.
 27722 | D:12     | Found Xeistoah's Armour Boutique.
 28566 | D:12     | Found Viynkiepp's Armour Emporium.
 28653 | D:12     | Found Ruof's Distillery.
 28754 | D:12     | Found Racrip's Distillery.
 28759 | D:12     | Bought a potion of resistance for 170 gold pieces
 28759 | D:12     | Bought a potion of invisibility for 136 gold pieces
 28831 | D:12     | Found Vuzytsox's Antique Armour Shop.
 28843 | D:12     | Reached skill level 1 in Shields
 28885 | D:12     | Bought a runed buckler for 195 gold pieces
 28992 | D:13     | Found a frozen archway.
 29006 | D:13     | Reached skill level 1 in Short Blades
 29374 | D:13     | Reached XP level 15. HP: 114/114 MP: 24/30
 29376 | D:13     | Reached skill level 1 in Hexes
 29418 | D:13     | Upgraded the game from 0.28-a0-313-gbc0475efdd to
                  | 0.28-a0-384-g9e0c098162
 29785 | D:13     | Reached skill level 5 in Stealth
 30279 | D:13     | Noticed Nessos
 30283 | D:13     | Killed Nessos
 31222 | D:14     | Found a blossoming altar of Fedhas.
 31916 | D:14     | Noticed Snorg
 31942 | D:14     | Killed Snorg
 32035 | D:14     | Noticed Roxanne
 32226 | D:14     | Noticed Kirke
 32241 | D:14     | Killed Kirke
 32442 | D:14     | Reached skill level 12 in Spellcasting
 32710 | D:14     | Found a gate to the Vaults.
 33310 | D:15     | Entered Level 15 of the Dungeon
 33557 | D:15     | Learned a level 5 spell: Freezing Cloud
 34182 | D:15     | Found Kuidi's Antique Armour Emporium.
 34192 | D:15     | Bought a pair of brightly glowing gloves for 256 gold
                  | pieces
 34192 | D:15     | Identified the +0 pair of gloves of Catatonia {Str+2 Dex+3}
                  | (You bought it in a shop on level 15 of the Dungeon)
 34400 | D:15     | Reached skill level 1 in Conjurations
 34400 | D:15     | Reached skill level 1 in Air Magic
 35042 | D:15     | Found a staircase to the Depths.
 35073 | D:15     | Reached XP level 16. HP: 122/122 MP: 32/32
 35265 | Orc:1    | Entered Level 1 of the Orcish Mines
 35574 | Orc:2    | Entered Level 2 of the Orcish Mines
 36325 | Orc:2    | Found a staircase to the Elven Halls.
 36609 | Orc:2    | Reached skill level 10 in Fighting
 36634 | Orc:2    | Reached skill level 10 in Armour
 36940 | Orc:2    | Found Babbemoe's Armour Emporium.
 37247 | Orc:2    | Found Usuan's Armour Boutique.
 37682 | Orc:2    | Found Figong's Magic Scroll Emporium.
 37701 | Orc:2    | Bought a scroll of teleportation for 48 gold pieces
 37701 | Orc:2    | Bought a scroll of teleportation for 48 gold pieces
 37701 | Orc:2    | Bought a scroll of teleportation for 48 gold pieces
 37701 | Orc:2    | Bought a scroll of teleportation for 48 gold pieces
 37709 | Orc:2    | Found Jynuff's Book Shoppe.
 38062 | Orc:1    | Reached skill level 10 in Invocations
 38835 | Spider:1 | Entered Level 1 of the Spider Nest
 38986 | Spider:1 | Identified the ring of Gaof {rF+ rN+ SInv Stlth+}
 40614 | Spider:2 | Noticed Aizul
 40633 | Spider:2 | Killed Aizul
 40634 | Spider:2 | Reached skill level 5 in Shields
 40634 | Spider:2 | Reached XP level 17. HP: 56/130 MP: 18/33
 41213 | Spider:2 | Reached skill level 5 in Air Magic
 41241 | Spider:2 | Reached skill level 5 in Conjurations
 41938 | Spider:3 | Paralysed by a hornet for 2 turns
 43201 | Spider:4 | Entered Level 4 of the Spider Nest
 43207 | Spider:4 | Reached skill level 13 in Spellcasting
 44236 | Spider:4 | Paralysed by a hornet for 3 turns
 44846 | Spider:4 | Reached XP level 18. HP: 39/139 MP: 26/35
 45789 | Spider:4 | Got a gossamer rune of Zot
 46092 | Shoals:1 | Entered Level 1 of the Shoals
 46104 | Shoals:1 | Reached skill level 5 in Long Blades
 46213 | Shoals:1 | Learned a level 3 spell: Vampiric Draining
 46268 | Shoals:1 | Reached skill level 1 in Necromancy
 46757 | Shoals:4 | Entered Level 4 of the Shoals
 48337 | Shoals:4 | Got a barnacled rune of Zot
 48708 | Vaults:1 | Entered Level 1 of the Vaults
 48964 | Vaults:1 | Learned a level 5 spell: Fireball
 49015 | Vaults:1 | Cast into level 2 of the Abyss (a wizard)
 49095 | Abyss:2  | Reached skill level 1 in Fire Magic
 49232 | Vaults:1 | Escaped the Abyss
 49240 | Vaults:1 | Noticed Saint Roka
 49407 | Vaults:1 | Identified the +5 plate armour of Exclusion {rPois SInv}
 49533 | Vaults:1 | Killed Saint Roka
 49534 | Vaults:1 | Reached skill level 14 in Spellcasting
 49540 | Vaults:1 | Reached skill level 5 in Necromancy
 49864 | Vaults:1 | Found Kunuoh's Magic Scroll Shoppe.
 49874 | Vaults:1 | Bought a scroll of blinking for 120 gold pieces
 49874 | Vaults:1 | Bought a scroll of blinking for 120 gold pieces
 49874 | Vaults:1 | Bought a scroll of enchant weapon for 120 gold pieces
 49874 | Vaults:1 | Bought a scroll of enchant weapon for 120 gold pieces
 50250 | Vaults:1 | Reached XP level 19. HP: 114/146 MP: 32/37
 51271 | Lair:3   | Lost mutation: Armour fits poorly on your strangely shaped
                  | body. [potion of mutation]
 51271 | Lair:3   | Lost mutation: You sometimes lose the ability to read
                  | scrolls when taking damage. [potion of mutation]
 51271 | Lair:3   | Gained mutation: Your mind is acute. (Int +2) [potion of
                  | mutation]
 51271 | Lair:3   | Lost mutation: Your mind is acute. (Int +2) [potion of
                  | mutation]
 51271 | Lair:3   | Gained mutation: Armour fits poorly on your strangely
                  | shaped body. [potion of mutation]
 51271 | Lair:3   | Gained mutation: You are strong-willed. (Will+) [potion of
                  | mutation]
 52460 | Vaults:2 | Noticed Mennas
 52478 | Vaults:2 | Slain by Mennas

Illustrated notes

Levels and vault maps discovered:
D:1:      dpeg_arrival_subterranean_lakeside_camping, layout_rooms,
          serial_shops, shop, nicolae_diamond_shop,
          dreamdust_ecumenical_altar_drowned_temple
D:2:      layout_basic
D:3:      kennysheep_big_flooded_room, layout_loops_ring, uniq_robin
D:4:      kennysheep_goblin_castle, layout_basic,
          nicolae_ossuary_entry_false_entrances, gammafunk_ghost_arena,
          nicolae_shop_self_help
D:5:      wander_river, layout_loops_cross, mainiacjoe_overflow_swirl,
          minmay_temple_entry_wispy, serial_shops, nicolae_shop_stone
D:6:      layout_gridville, mainiacjoe_overflow_six_doors_small
D:7:      layout_loops_corners, eino_curves_02, amcnicky_mini_corridor_feature,
          minivault_11
D:8:      layout_loops_corners, serial_undead, serial_undead_a, serial_undead_e,
          serial_undead_e, serial_undead_c, serial_undead_e, serial_undead_c,
          serial_undead_b, serial_undead_d, uniq_harold, uniq_joseph
D:9:      layout_long_grid, ashenzari_conservatory_becter, uniq_erolcha
D:10:     layout_stronghold, erik_lair_island, evilmike_butchery, uniq_erica
D:11:     layout_loops_ring, david_orc_1_choice, statue_in_the_mist_lemuel,
          chequers_avenue, minmay_misc_feat_nine_boxes, hangedman_decor_push,
          st_stairs_9
D:12:     layout_gridville, serial_shops, shop_fountains, nicolae_diamond_shop,
          shop, shop, shop
D:13:     layout_roguey, enter_bailey_5, serial_ice, serial_ice_f, serial_ice_l,
          serial_ice_n, serial_ice_o, portal_ice_cave_entry_pillars_1,
          minmay_statue_bubble, uniq_nessos
D:14:     layout_layer_cave, david_vaults_4, fedhas_altar_1, uniq_kirke,
          uniq_roxanne, uniq_snorg
D:15:     grunt_enter_depths_magical_seal, layout_gridville, serial_shops, shop,
          bh_walls_and_bars
Temple:   nicolae_temple_no_exploring_needed
Lair:1:   layout_cave_pods, basic_altar, hellmonk_ghost_happy_afterlife,
          grunt_megastairs_2, minmay_lair_oklob_chamber, uniq_urug
Lair:2:   layout_loops_ring
Lair:3:   layout_regular_city, spider_nest_entry_funnel_web
Lair:4:   nzn_motion_control, layout_hall_layers, elwin_shoals_entry_rooms
Lair:5:   layout_regular_city
Lair:6:   hangedman_lair_in_review, layout_cave_pods, slime_altar_1,
          maelrawn_ghost_gauntlet_escape, uniq_sonja
Shoals:1: layout_shoals, uniq_donald
Shoals:2: layout_shoals, nicolae_shoals_cliffside_cave
Shoals:3: layout_shoals
Shoals:4: shoals_end_hangedman, layout_shoals, uniq_polyphemus
Spider:1: layout_spider_delve
Spider:2: layout_spider_delve, nicolae_spider_cling_halls, uniq_aizul
Spider:3: layout_spider_delve
Spider:4: guppyfry_spider_rune
Orc:1:    layout_caves
Orc:2:    pubby_orc_utopia
Vaults:1: nicolae_vaults_network_quinsquares
          [nicolae_vaults_network_quincunx_subvault,
          nicolae_vaults_network_quincunx_subvault,
          nicolae_vaults_network_quincunx_subvault,
          nicolae_vaults_network_quincunx_subvault], nicolae_vaults_little_ls,
          vaults_room_door_ring, ontoclasm_vaults_tryst,
          vaults_standard_mumra_lines, v_misc_10, vaults_mumra_lcd,
          layout_vaults_quadrants, serial_shops, nicolae_lakefront_shop,
          uniq_saint_roka
Vaults:2: nicolae_vaults_display_case, hangedman_vaults_stitches, v_misc_12,
          nicolae_vaults_ninety_degrees, hangedman_vaults_slice, v_misc_9,
          grunt_vaults_swirl, hangedman_vaults_impose, v_misc_14,
          nicolae_vaults_theta, grunt_vaults_hallway_long,
          nicolae_vaults_little_squares_3, v_misc_17, layout_vaults_ring,
          serial_shops, shop_scrolls, serial_hangedman_research,
          hangedman_research_convocations, uniq_mennas

Skill      XL: |  1  2  3  4  5  6  7  8  9 10 11 12 13 14 15 16 17 18 19 |
---------------+----------------------------------------------------------+-----
Ice Magic      | 5 6 7 8 9 10 11 12 | 12.9
Spellcasting   | 3 4 5 6 7 8 9 10 11 12 13 14 | 14.2
Invocations    | 2 4 5 6 7 8 9 10 11 | 11.5
Translocations | 3 5 6 7 8 9 10 11 | 11.6
Summonings     | 3 5 7 8 9 10 11 12 | 12.1
Fighting       | 2 5 6 8 9 10 11 12 | 12.0
Armour         | 2 5 6 8 9 10 11 | 11.0
Dodging        | 3 5 6 8 9 |  9.1
Stealth        | 3 4 5 |  5.0
Long Blades    | 3 4 6 |  6.4
Shields        | 1 4 5 7 9 |  9.3
Short Blades   | 1 3 4 |  4.8
Hexes          | 3 |  3.5
Conjurations   | 2 4 6 7 |  7.8
Air Magic      | 2 4 6 |  6.5
Necromancy     | 5 |  5.6
Fire Magic     | 3 4 |  4.0

Action                   |  1- 3 |  4- 6 |  7- 9 | 10-12 | 13-15 | 16-18 | 19-21 || total
-------------------------+-------+-------+-------+-------+-------+-------+-------++-------
Melee: Club              |    23 |       |       |       |       |       |       ||    23
       Whip              |    36 |       |       |       |       |       |       ||    36
       Short sword       |    12 |   133 |   161 |    23 |   400 |   720 |       ||  1449
       Dagger            |       |    55 |    23 |       |       |       |       ||    78
       Scimitar          |       |       |       |   280 |   269 |   390 |    73 ||  1012
Throw: Throwing net      |       |       |       |     1 |       |       |       ||     1
 Cast: Freeze            |    31 |    27 |    61 |    34 |    56 |       |       ||   209
       Frozen Ramparts   |     1 |    13 |    29 |    34 |    51 |    38 |     1 ||   167
       Ozocubu's Armour  |       |     5 |    23 |    25 |    66 |    46 |     5 ||   170
       Lesser Beckoning  |       |       |     1 |     2 |    21 |    44 |     1 ||    69
       Summon Guardian G |       |       |       |     1 |     2 |     1 |       ||     4
       Summon Cactus Gia |       |       |       |     8 |    34 |    25 |     5 ||    72
       Summon Forest     |       |       |       |     5 |    20 |    29 |     1 ||    55
       Passwall          |       |       |       |     1 |       |       |       ||     1
       Summon Mana Viper |       |       |       |       |     7 |    21 |     2 ||    30
       Freezing Cloud    |       |       |       |       |       |    44 |       ||    44
       Blink             |       |       |       |       |       |     4 |       ||     4
       Vampiric Draining |       |       |       |       |       |     7 |    10 ||    17
       Fireball          |       |       |       |       |       |     5 |     2 ||     7
Invok: Bend Time         |       |       |     1 |       |       |       |       ||     1
       Slouch            |       |       |       |       |     1 |     8 |       ||     9
       Step From Time    |       |       |       |       |     1 |     2 |       ||     3
 Abil: Hop               |     1 |     3 |     1 |     3 |       |     1 |     1 ||    10
Evoke: Wand              |       |     4 |     9 |     7 |    12 |    25 |       ||    57
       Box of beasts     |       |       |       |       |       |     1 |     1 ||     2
  Use: Scroll            |       |     2 |     5 |     7 |     2 |    16 |     1 ||    33
       Potion            |       |     4 |     3 |       |     1 |     6 |     6 ||    20
 Stab: Sleeping          |     8 |     3 |     3 |     4 |     2 |       |       ||    20
       Paralysed         |       |       |     8 |       |       |       |       ||     8
       Distracted        |       |       |     1 |       |     5 |    13 |     1 ||    20
       Invisible         |       |       |       |       |       |     2 |       ||     2
Armor: Ring mail         |    24 |       |       |       |       |       |       ||    24
       Robe              |     8 |    13 |       |   124 |   172 |       |       ||   317
       Leather armour    |       |    49 |    90 |    98 |       |       |       ||   237
       Skin              |       |       |    18 |       |       |       |       ||    18
       Chain mail        |       |       |       |       |   184 |   467 |       ||   651
       Plate armour      |       |       |       |       |       |    33 |    52 ||    85
       Troll leather arm |       |       |       |       |       |     7 |       ||     7
Dodge: Dodged            |    38 |   105 |   154 |   376 |   746 |   962 |    64 ||  2445
Block: Other             |    18 |    41 |    67 |    92 |   148 |       |       ||   366
       Reflection        |       |     1 |       |     2 |    54 |    38 |       ||    95
       Buckler           |       |       |       |       |   291 |  1197 |   100 ||  1588

Table legend: (Time is in decaauts)
 A = Elapsed time spent in this place.
 B = Non-inter-level travel time spent in this place.
 C = Inter-level travel time spent in this place.
 D = Time resting spent in this place.
 E = Time spent auto-exploring this place.
 F = Levels seen in this place.
 G = Mean time per level.
                   A        B        C        D        E       F      G
               +--------+--------+--------+--------+--------+-----+--------+
         Total |  75193 |  69621 |   5572 |   9104 |  48898 |  36 | 2088.7 |
       Dungeon |  34583 |  32143 |   2440 |   3690 |  23857 |  15 | 2305.5 |
        Temple |     18 |     18 |      0 |      0 |      0 |   1 |   18.0 |
          Lair |  17361 |  15358 |   2003 |    851 |  12330 |   6 | 2893.5 |
        Shoals |   2986 |   2865 |    121 |   1464 |    122 |   4 |  746.5 |
   Spider Nest |   9526 |   9090 |    436 |   2337 |   5365 |   4 | 2381.5 |
  Orcish Mines |   5317 |   5182 |    135 |      0 |   4074 |   2 | 2658.5 |
        Vaults |   4994 |   4560 |    434 |    628 |   3099 |   2 | 2497.0 |
         Abyss |    285 |    285 |      0 |    133 |      0 |   1 |  285.0 |
       Ossuary |    120 |    120 |      0 |      0 |     49 |   1 |  120.0 |
               +--------+--------+--------+--------+--------+-----+--------+

Top non-repeatable levels by time:
Vaults:1: 4731 daAuts
    D:10: 4073 daAuts
   Orc:2: 3940 daAuts
    D:13: 3491 daAuts
    D:14: 3425 daAuts
  Lair:6: 3365 daAuts
  Lair:4: 3293 daAuts
  Lair:3: 3185 daAuts
Spider:2: 3128 daAuts
     D:8: 3008 daAuts
Spider:4: 2981 daAuts
    D:15: 2950 daAuts
  Lair:2: 2841 daAuts
  Lair:1: 2690 daAuts
    D:11: 2458 daAuts
